 Dungeon Sprint DCSS version 0.27-a0-263-gc8dee61f84 (webtiles) character file.

Game seed: 17211030607501637763

22862 mhtbhm the Executioner (level 12, -21/190 HPs)
             Began as a Minotaur Fighter on Feb 5, 2021.
             Was the Champion of Trog.
             Demolished by an Ice Fiend (28 damage)
             ... in the Dungeon (Sprint VII: "The Pits").
             The game lasted 00:05:19 (3442 turns).

mhtbhm the Executioner (Minotaur Fighter)           Turns: 3442, Time: 00:05:20

Health: -21/190    AC: 20    Str: 26    XL:     12   Next: 66%
Magic:  11/11      EV: 11    Int:  5    God:    Trog [******]
Gold:   31         SH: 15    Dex: 10    Spells: 11/11 levels left

rFire    . . .     SeeInvis +   a - +4 broad axe (vorpal)
rCold    . . .     Faith    .   c - +0 kite shield
rNeg     . . .     Spirit   .   b - +4 chain mail
rPois    .         Reflect  .   (helmet restricted)
rElec    .         Harm     .   (no cloak)
rCorr    .         Rampage  .   (no gloves)
Will     .....     NoTele   +   (no boots)
Stlth    ..........             (no amulet)
HPRegen  0.41/turn              n - +3 ring of protection
MPRegen  0.12/turn              v - ring of see invisible

@: mighty, berserking, very quick
A: retaliatory headbutt, horns 2
a: Renounce Religion, Berserk, Trog's Hand, Brothers in Arms


You were in the Dungeon.
You worshipped Trog.
Trog was exalted by your worship.
You visited 1 branch You collected 31 gold pieces.

Inventory:

Hand Weapons
 a - a +4 vorpal broad axe (weapon)
 o - a +3 demon blade of flaming
Armour
 b - a +4 chain mail (worn)
 c - a +0 kite shield (worn)
Jewellery
 n - a +3 ring of protection (left hand)
 u - an uncursed ring of positive energy
 v - a ring of see invisible (right hand)
Scrolls
 j - 3 scrolls of blinking
 l - 6 scrolls of remove curse
 m - a scroll of summoning
 r - a scroll of identify
 s - a scroll of fog
 t - 2 scrolls of fear
Potions
 d - 2 potions of might
 e - 10 potions of curing
 f - 11 potions of heal wounds
 g - 3 potions of haste
 h - 4 potions of magic
 i - 3 potions of berserk rage
 k - 2 potions of invisibility
 p - a potion of resistance
 q - a potion of mutation


   Skills:
 + Level 18.0 Fighting
 + Level 21.5 Axes
 + Level 15.2 Armour
 + Level 6.6 Dodging
 + Level 3.0 Stealth
 + Level 18.8 Shields


You had 11 spell levels left.
You didn't know any spells.
Your spell library was empty.

Dungeon Overview and Level Annotations

Branches:
Dungeon (1/1)

Altars:
Cheibriados
Dithmenos
Elyvilon
Fedhas
Gozag
Hepliaklqana
Makhleb
Nemelex Xobeh
Okawaru
Qazlal
Ru
Sif Muna
Trog
Vehumet
Wu Jian
Xom
Yredelemnul
Zin
The Shining One
Beogh
Jiyva
Lugonu


Innate Abilities, Weirdness & Mutations

You reflexively headbutt those who attack you in melee.
You have a pair of horns on your head.


Message History

* * * LOW HITPOINT WARNING * * *
You are too injured to fight recklessly!
You hit the Ice Fiend but do no damage. You slash the Ice Fiend!
The Ice Fiend is lightly wounded.
The Ice Fiend claws you.
* * * LOW HITPOINT WARNING * * *
The Ice Fiend freezes you!!
* * * LOW HITPOINT WARNING * * *
You block the Ice Fiend's attack.
You hit the Ice Fiend.
You headbutt the Ice Fiend, but do no damage.
The Ice Fiend is lightly wounded.
Unknown command.
You slash the Ice Fiend!
The Ice Fiend is moderately wounded.
You block the Ice Fiend's attack. The Ice Fiend claws you.
* * * LOW HITPOINT WARNING * * *
The Ice Fiend freezes you!!
You die...

#+# #.# #1# #@#
#'# #.# #÷# #.#
#÷# #.# #'#
################'#


You could see an Ice Fiend.

Vanquished Creatures
  A pearl dragon (D)
  A pandemonium lord (D)
  A sphinx (D)
  A nagaraja (D)
  A stone giant (D)
  A death yak (D)
  An orc high priest (D)
  A vampire mage (D)
  A deep elf knight (D)
  A fire crab (D)
  2 deep trolls (D)
  A sea snake (D)
  A naga ritualist (D)
  A flayed ghost (D)
  A lindwurm (D)
  An orc sorcerer (D)
  2 cyclopes (D)
  A naga mage (D)
  A cane toad (D)
  An orange demon (D)
  Joseph (D)
  2 gargoyles (D)
  A yaktaur (D)
  A hellwing (D)
  A troll (D)
  A jumping spider (D)
  2 hornets (D)
  A blink frog (D)
  A wind drake (D)
  A polar bear (D)
  A snapping turtle (D)
  4 redbacks (D)
  2 tarantellas (D)
  A wyvern (D)
  2 wraiths (D)
  2 basilisks (D)
  Grum (D)
  A warg (D)
  A naga (D)
  Duvessa (D)
  A water moccasin (D)
  A sky beast (D)
  A floating eye (D)
  2 orc warriors (D)
  An ice beast (D)
  An ogre (D)
  2 wolves (D)
  A centaur (D)
  A gnoll sergeant (D)
  8 killer bees (D)
  4 wights (D)
  A jelly (D)
  An orc priest (D)
  A gnoll shaman (D)
  An iron imp (D)
  4 orc wizards (D)
  A worker ant (D)
  5 gnolls (D)
  2 adders (D)
  A white imp (D)
  2 ufetubi (D)
  An adder zombie (D)
  6 orcs (D)
  A giant cockroach (D)
  3 jackals (D)
  A ball python (D)
  A ball python skeleton (D)
  A bat (D)
  A kobold (D)
  2 rats (D)
109 creatures vanquished.

Vanquished Creatures (collateral kills)
  Dowan (D)
1 creature vanquished.

Grand Total: 110 creatures vanquished

Notes
Turn   | Place    | Note
-------+----------+-------------------------------------------
     0 | D        | mhtbhm the Minotaur Fighter began the quest for the Orb.
     0 | D        | Reached XP level 1. HP: 19/19 MP: 0/0
    18 | D        | Found a bloodstained altar of Trog.
    18 | D        | Found a shimmering blue altar of Sif Muna.
    18 | D        | Found a viscous altar of Jiyva.
    18 | D        | Found a hazy altar of Hepliaklqana.
    18 | D        | Found an opulent altar of Gozag.
    19 | D        | Found a glowing golden altar of the Shining One.
    19 | D        | Found a glowing silver altar of Zin.
    19 | D        | Found a basalt altar of Yredelemnul.
    19 | D        | Found a shimmering altar of Xom.
    19 | D        | Found an ornate altar of the Wu Jian Council.
    19 | D        | Found a sacrificial altar of Ru.
    19 | D        | Found a stormy altar of Qazlal.
    19 | D        | Found an iron altar of Okawaru.
    19 | D        | Found a sparkling altar of Nemelex Xobeh.
    19 | D        | Found a burning altar of Makhleb.
    19 | D        | Found a blossoming altar of Fedhas.
    19 | D        | Found a white marble altar of Elyvilon.
    19 | D        | Found a shadowy altar of Dithmenos.
    19 | D        | Found a snail-covered altar of Cheibriados.
    21 | D        | Found a radiant altar of Vehumet.
    21 | D        | Found a corrupted altar of Lugonu.
    21 | D        | Found a roughly hewn altar of Beogh.
    23 | D        | Became a worshipper of Trog the Wrathful
    62 | D        | Noticed a floating eye
    65 | D        | Paralysed by a floating eye for 4 turns
    69 | D        | Reached * piety under Trog
    72 | D        | Killed a floating eye
    73 | D        | Reached skill level 3 in Axes
    73 | D        | Reached XP level 2. HP: 28/31 MP: 1/1
    73 | D        | Reached XP level 3. HP: 35/38 MP: 2/2
    73 | D        | Reached XP level 4. HP: 41/45 MP: 3/3
   107 | D        | Reached ** piety under Trog
   117 | D        | Reached *** piety under Trog
   120 | D        | Reached skill level 4 in Axes
   120 | D        | Reached XP level 5. HP: 52/52 MP: 4/4
   125 | D        | Reached **** piety under Trog
   343 | D        | Reached skill level 5 in Axes
   347 | D        | Noticed an ice beast
   357 | D        | Killed an ice beast
   357 | D        | Reached ***** piety under Trog
   358 | D        | Reached skill level 6 in Axes
   358 | D        | Reached XP level 6. HP: 45/62 MP: 5/5
   454 | D        | Noticed a blink frog
   480 | D        | Killed a blink frog
   481 | D        | Reached skill level 7 in Axes
   481 | D        | Reached skill level 10 in Armour
   481 | D        | Reached skill level 1 in Dodging
   481 | D        | Reached skill level 10 in Shields
   481 | D        | Reached XP level 7. HP: 27/70 MP: 6/6
   704 | D        | Reached skill level 8 in Axes
   804 | D        | Noticed a cyclops
   810 | D        | Killed a cyclops
   810 | D        | Reached ****** piety under Trog
   811 | D        | Reached skill level 10 in Fighting
   811 | D        | Reached skill level 10 in Axes
   811 | D        | Reached skill level 1 in Stealth
   811 | D        | Reached XP level 8. HP: 79/79 MP: 7/7
   943 | D        | Noticed an orc high priest
   944 | D        | Noticed a troll
   946 | D        | Noticed an ice devil
   954 | D        | Reached skill level 11 in Axes
   956 | D        | Killed a troll
   958 | D        | Killed an orc high priest
   959 | D        | Reached skill level 12 in Axes
   959 | D        | Reached XP level 9. HP: 89/89 MP: 8/8
   963 | D        | Reached skill level 13 in Axes
  1006 | D        | Received a gift from Trog
  1008 | D        | Paralysed by a hornet for 1 turns
  1037 | D        | Noticed a deep elf knight
  1044 | D        | Killed a deep elf knight
  1044 | D        | Received a gift from Trog
  1045 | D        | Reached skill level 14 in Axes
  1053 | D        | Noticed a jumping spider
  1061 | D        | Received a gift from Trog
  1062 | D        | Reached skill level 15 in Axes
  1062 | D        | Reached XP level 10. HP: 58/100 MP: 9/9
  1223 | D        | Noticed Grum
  1223 | D        | Noticed a death yak
  1228 | D        | Killed Grum
  1235 | D        | Killed a death yak
  1236 | D        | Reached skill level 16 in Axes
  1240 | D        | Received a gift from Trog
  1321 | D        | Noticed an orange demon
  1321 | D        | Noticed a cyclops
  1322 | D        | Noticed a flayed ghost
  1326 | D        | Killed an orange demon
  1334 | D        | Killed a cyclops
  1335 | D        | Reached skill level 15 in Shields
  1335 | D        | Killed a flayed ghost
  1336 | D        | Reached skill level 17 in Axes
  1372 | D        | Noticed an orc sorcerer
  1380 | D        | Killed an orc sorcerer
  1382 | D        | Noticed Duvessa
  1382 | D        | Noticed a deep troll
  1383 | D        | Noticed Dowan
  1391 | D        | Killed a deep troll
  1391 | D        | Received a gift from Trog
  1392 | D        | Reached skill level 5 in Dodging
  1398 | D        | Killed Duvessa
  1400 | D        | Killed Dowan
  1402 | D        | Reached XP level 11. HP: 104/110 MP: 10/10
  1443 | D        | Noticed a lindwurm
  1443 | D        | Noticed a vampire mage
  1444 | D        | Noticed a naga ritualist
  1453 | D        | Received a gift from Trog
  1453 | D        | Killed a vampire mage
  1454 | D        | Reached skill level 18 in Axes
  1455 | D        | Killed a naga ritualist
  1455 | D        | Received a gift from Trog
  1457 | D        | Killed a lindwurm
  1458 | D        | Reached skill level 15 in Fighting
  1569 | D        | Noticed a deep troll
  1570 | D        | Noticed Joseph
  1592 | D        | Received a gift from Trog
  1593 | D        | Reached skill level 19 in Axes
  1599 | D        | Killed a deep troll
  1604 | D        | Received a gift from Trog
  1612 | D        | Killed Joseph
  1816 | D        | Noticed a sea snake
  1826 | D        | Received a gift from Trog
  1827 | D        | Killed a sea snake
  2157 | D        | Noticed a stone giant
  2172 | D        | Killed a stone giant
  2172 | D        | Received a gift from Trog
  2173 | D        | Reached skill level 20 in Axes
  2221 | D        | Noticed a nagaraja
  2234 | D        | Killed a nagaraja
  2235 | D        | Reached XP level 12. HP: 71/124 MP: 11/11
  2714 | D        | Noticed Oshalim the pandemonium lord
  2728 | D        | Killed Oshalim the pandemonium lord
  2728 | D        | Received a gift from Trog
  3071 | D        | Noticed a sphinx
  3077 | D        | Killed a sphinx
  3078 | D        | Reached skill level 21 in Axes
  3121 | D        | Noticed a pearl dragon
  3136 | D        | Killed a pearl dragon
  3137 | D        | Reached skill level 15 in Armour
  3435 | D        | Noticed an Ice Fiend
  3442 | D        | HP: 7/190 [Ice Fiend (4)]
  3442 | D        | Demolished by an Ice Fiend

Illustrated notes

Levels and vault maps discovered:
D:        pitsprint [storerooms_1, entrance_room_1, metal_vault_4, armoury_1,
          mini_pit_1, grid_room_1, main_hall_1, silver_pit, the_coven_3,
          the_vestibule_1, steel_vault_3, golden_pit, hallway_of_sentries,
          crystal_vault_2, iron_vault_1, final_vault]

Skill      XL: |  1  2  3  4  5  6  7  8  9 10 11 12 |
---------------+-------------------------------------+-----
Fighting       | 6 7 8 9 10 11 12 14 16 18 | 18.0
Armour         | 7 9 10 11 12 13 14 15 | 15.2
Shields        | 6 7 9 10 11 13 14 15 17 18 | 18.8
Axes           | 3 4 6 7 10 12 15 17 20 21 | 21.5
Dodging        | 1 2 3 4 5 6 |  6.6
Stealth        | 1 2 3 |  3.0

Action                   |  1- 3 |  4- 6 |  7- 9 | 10-12 || total
-------------------------+-------+-------+-------+-------++-------
Melee: Hand axe          |     7 |    54 |    24 |       ||    85
       Headbutt          |     3 |     9 |    14 |    38 ||    64
       War axe           |     2 |       |    23 |       ||    25
       Broad axe         |       |       |    14 |   164 ||   178
Invok: Berserk           |       |     1 |     3 |    10 ||    14
       Brothers in Arms  |       |       |       |     1 ||     1
  Use: Potion            |       |       |       |     4 ||     4
Armor: Scale mail        |     8 |    13 |       |       ||    21
       Chain mail        |       |     8 |    25 |    47 ||    80
Dodge: Dodged            |       |     6 |    19 |    33 ||    58
Block: Kite shield       |     2 |    35 |    32 |    81 ||   150

Table legend: (Time is in decaauts)
 A = Elapsed time spent in this place.
 B = Non-inter-level travel time spent in this place.
 C = Inter-level travel time spent in this place.
 D = Time resting spent in this place.
 E = Time spent auto-exploring this place.
 F = Levels seen in this place.
 G = Mean time per level.
                   A        B        C        D        E       F      G
               +--------+--------+--------+--------+--------+-----+--------+
         Total |   3491 |   3491 |      0 |   2463 |      0 |   1 | 3491.0 |
       Dungeon |   3491 |   3491 |      0 |   2463 |      0 |   1 | 3491.0 |
               +--------+--------+--------+--------+--------+-----+--------+

Top non-repeatable levels by time:
       D: 3491 daAuts
